 Dungeon Crawl Stone Soup version 0.20.1-1-g8b1a95d (webtiles) character file.

42 Lorindel the Scratcher (level 3, -1/15 HPs)
             Began as a Felid Transmuter on July 21, 2017.
             Slain by an adder (5 damage)
             ... on level 2 of the Dungeon.
             The game lasted 00:06:28 (1459 turns).

Lorindel the Scratcher (Felid Transmuter)           Turns: 1459, Time: 00:06:29

Health: -1/15      AC:  1    Str:  6    XL:     3   Next: 35%
Magic:  6/7        EV: 18    Int: 15    God:
Gold:   95         SH:  0    Dex: 16    Spells: 0/6 levels left
                                        Lives:  0   Deaths: 0

rFire    . . .     SeeInvis +     - Unarmed
rCold    . . .     Gourm    .   (shield unavailable)
rNeg     . . .     Faith    .   (armour unavailable)
rPois    .         Spirit   .   (helmet unavailable)
rElec    .         Reflect  .   (cloak unavailable)
rCorr    .         Harm     .   (gloves unavailable)
MR       .....                  (boots unavailable)
Stlth    ++........             (no amulet)
Regen    0.1/turn               (no ring)
MPRegen  0.1/turn               (no ring)

@: lethally poisoned (-1 -> -9), appendage, quick
A: no armour, no weapons or thrown items, stealth, claws 1, fangs 3, horns 2,
see invisible, carnivore 3, speed 1, shaggy fur 1, slow metabolism 1, sharp paws
a: End Transformation


You were on level 2 of the Dungeon.
You were very full.
You had grown temporary horns.
You visited 1 branch of the dungeon, and saw 2 of its levels.

You collected 95 gold pieces.

Inventory:

Missiles
 a - 26 arrows
Scrolls
 f - 2 scrolls of remove curse {unknown}
 g - a scroll of identify {unknown}
Potions
 d - a potion of agility {unknown}
 e - 2 potions of might {unknown}
Books
 b - a book of Changes

   Spells                             Type                      Level
   a - Beastly Appendage              Transmutation                1
   b - Sticks to Snakes               Transmutation                2
   c - Spider Form                    Transmutation/Poison         3
   d - Ice Form                       Ice/Transmutation            4
   e - Blade Hands                    Transmutation                5
Comestibles
 c - a meat ration


   Skills:
 + Level 1.2 Fighting
 + Level 3.0 Dodging
 + Level 1.7 Stealth
 + Level 3.2 Unarmed Combat
 * Level 2.3 Spellcasting
 + Level 2.7 Transmutations
 + Level 0.3 Poison Magic


You couldn't memorise any spells.
You knew the following spells:

 Your Spells              Type           Power        Failure   Level  Hunger
a - Beastly Appendage     Tmut           ##....       7%          1    #......
b - Sticks to Snakes      Tmut           ##......     11%         2    ###....
c - Spider Form           Tmut/Pois      #.........   34%         3    ###....


Dungeon Overview and Level Annotations

Branches:
Dungeon (2/15)

Altars:


Innate Abilities, Weirdness & Mutations

You cannot wear armour.
You are incapable of wielding weapons or throwing items.
Your paws allow you to move quietly. (Stealth)
You have sharp claws.
You have razor-sharp teeth.
You have supernaturally acute eyesight. (SInv)
You are carnivorous and can eat meat at any time.
You cover ground quickly.
You are covered in fur. (AC +1)
You have a slow metabolism.
Your sharp claws are effective at attacking unaware monsters.
You have a pair of horns on your head.


Message History

The adder barely misses you.
You closely miss the adder. Your headbutt misses the adder.
The adder is almost dead.
Your horns disappear.
The adder closely misses you.
You miss the adder.
The adder is almost dead.
The adder bites you.
You are poisoned.
The adder poisons you!
You barely miss the adder.
The adder is almost dead.
You feel sick. The adder bites you.
* * * LOW HITPOINT WARNING * * *
You are lethally poisoned!
The adder poisons you! The adder barely misses you.
Casting: Beastly Appendage
Confirm with . or Enter, or press ? or * to list all spells.
You grow a pair of large bovine horns.
The adder bites you.
You die...

#.## ###..####
###...#...#
........#.####.#
###.#.....÷....# #
#.#.#.#.###### #
#.....#.############
#.......##.........#
##...#..)....#@#....#
#...#.≈≈≈≈..#.S.#.##
#.....≈≈≈≈≈.##.##
#....≈≈≈≈≈≈.# .#
#...[≈≈≈≈≈≈)....
#.....≈≈≈≈......#
...........###..#
............ ...
..........## .#


You could see an adder.

Vanquished Creatures
  2 oozes
  A worm (D:2)
  A dart slug (D:1)
  A leopard gecko (D:1)
  2 bats (D:1)
  3 hobgoblins (D:1)
  8 frilled lizards (D:2)
  2 goblins
  5 kobolds
  6 rats
31 creatures vanquished.

Vanquished Creatures (collateral kills)
  A goblin (D:1)
  A kobold (D:1)
2 creatures vanquished.

Grand Total: 33 creatures vanquished

Notes
Turn   | Place    | Note
-------+----------+-------------------------------------------
     0 | D:1      | Lorindel the Felid Transmuter began the quest for the Orb.
     0 | D:1      | Reached XP level 1. HP: 9/9 MP: 4/4
    99 | D:1      | Reached XP level 2. HP: 7/12 MP: 4/6
   148 | D:1      | Learned a level 2 spell: Sticks to Snakes
   569 | D:1      | Reached skill level 1 in Stealth
  1032 | D:2      | Reached XP level 3. HP: 15/15 MP: 7/7
  1056 | D:2      | Learned a level 3 spell: Spider Form
  1459 | D:2      | Slain by an adder

Skill      XL: |  1  2 |
---------------+-------+-----
Dodging        | 3 |  3.0
Stealth        | 1 |  1.7
Fighting       | |  1.2
Unarmed Combat | |  3.2
Spellcasting   | |  2.3
Transmutations | |  2.7
Poison Magic   | |  0.3

Action                   || total
-------------------------++-------
Melee: Unarmed           ||   114
       Bite              ||    10
       Headbutt          ||     4
 Cast: Beastly Appendage ||    14
       Sticks to Snakes  ||     1
       Spider Form       ||     2
 Stab: Sleeping          ||     2
  Eat: Chunk             ||     8
Armor: Skin              ||     5
Dodge: Dodged            ||    86
